Map: Dusk Towers

Players

Miszu - Winner!

  • Race: Zerg Zerg
  • League: Master

Kush

  • Race: Zerg Zerg

VOD

Have the link to the VOD?

Description

Time

  • Played on: June 29, 2016, 11:29 a.m.
  • Length: 6:44
Show
View Real Time Build Order
Export as new Build Order

Miszu Zerg - Winner!

Build Orders: Hatch First 

Get SALT Encoding   

  12  0:00  Drone  
  13  0:12  Overlord  
  13  0:22  Drone  
  14  0:36  Drone x3  
  17  0:54  Hatchery  
  16  0:57  Drone  
  16  1:02  Drone  
  18  1:10  Extractor  
  17  1:15  Spawning Pool  
  16  1:19  Drone  
  16  1:24  Drone  
  18  1:32  Drone  
  19  1:45  Overlord  
  19  2:02  Queen  
  19  2:06  Queen  
  19  2:08  Zergling x6  
  26  2:12  Metabolic Boost  
  26  2:25  Drone x3  
  29  2:36  Drone x2  
  31  2:38  Drone  
  31  2:40  Baneling Nest  
  31  2:49  Drone x2  
  33  3:02  Hatchery  
  33  3:05  Overlord  
  32  3:15  Drone x4  
  36  3:23  Drone x3  
  39  3:27  Drone x2  
  39  3:29  Drone  
  42  3:36  Lair  
  42  3:39  Drone  
  43  3:41  Extractor x2  
  43  3:44  Drone x2  
  43  3:53  Overlord  
  43  4:02  Extractor, Zergling x4  
  44  4:14  Zergling x16  
  52  4:20  Baneling x4  
  52  4:21  Baneling  
  52  4:22  Zergling x8  
  56  4:27  Queen  
  55  4:41  Zergling x8  
  54  4:54  Spire  
  54  4:56  Drone x2  
  54  4:57  Drone x2  
  57  5:04  Baneling  
  57  5:05  Baneling x2  
  57  5:06  Baneling  
  57  5:12  Extractor  
  56  5:15  Extractor  
  44  5:53  Overlord x3  
  44  6:05  Mutalisk  
  44  6:06  Mutalisk x6  
  44  6:10  Baneling x2  
  44  6:11  Baneling x2  
  58  6:12  Mutalisk  
  58  6:14  Mutalisk x2  
  58  6:16  Zergling x4  
  58  6:17  Zergling x2  
Show
View Real Time Build Order
Export as new Build Order

Kush Zerg 

Build Orders: Pool First 

Get SALT Encoding   

  12  0:01  Drone  
  13  0:13  Overlord  
  13  0:17  Drone  
  14  0:36  Drone x3  
  17  0:47  Drone  
  18  0:51  Spawning Pool  
  17  0:58  Drone  
  17  1:00  Extractor  
  17  1:09  Drone  
  18  1:21  Overlord  
  18  1:28  Hatchery  
  17  1:38  Queen  
  19  1:41  Zergling x2  
  19  1:44  Drone  
  21  1:55  Drone  
  21  2:00  Metabolic Boost  
  22  2:05  Overlord  
  22  2:17  Queen  
  24  2:31  Overlord  
  24  2:32  Drone  
  24  2:50  Baneling Nest  
  23  2:54  Zergling x10  
  23  2:56  Spine Crawler  
  27  2:59  Drone  
  27  3:02  Zergling x2  
  29  3:08  Zergling x4  
  31  3:15  Drone  
  32  3:25  Drone x4  
  37  3:38  Queen  
  39  3:42  Zergling x4  
  39  3:43  Drone x3  
  44  3:53  Drone x2  
  44  3:54  Drone  
  47  3:58  Drone x2  
  47  4:00  Drone  
  50  4:05  Overlord  
  50  4:20  Hatchery  
  50  4:22  Drone x2  
  50  4:23  Drone  
  52  4:25  Extractor  
  52  4:26  Baneling  
  52  4:27  Extractor  
  52  4:28  Baneling x2  
  40  4:47  Zergling x2  
  40  4:48  Zergling x12  
  47  4:53  Spine Crawler  
  47  4:54  Zergling x2, Spine Crawler  
  47  4:55  Zergling x6  
  50  5:08  Baneling x2  
  50  5:09  Baneling x2, Drone  
  50  5:10  Drone x2  
  50  5:11  Lair  
  50  5:12  Drone x2  
  32  5:37  Zergling x4  
  32  5:41  Queen  
  34  5:43  Zergling x10  
  39  5:56  Drone  
  39  5:57  Drone  
  41  5:59  Hatchery  
  41  6:02  Drone  
  41  6:05  Drone  
  42  6:13  Spire, Baneling x4  
  42  6:17  Drone x4  
  42  6:18  Drone  
Tags
 
Add a new tag
Caveats
  • Supply blocks, unpowered buildings, or Contaminate may cause inaccurate times.
  • Supply counts are checked every 10 seconds.